 Dungeon Crawl Stone Soup version 0.30-a0-373-gd37427bb62 (webtiles) character file.

Game seed: 6740609468298068215

30 sanka the Trooper (level 2, -2/25 HPs)
             Began as a Demigod Hexslinger on Nov 23, 2022.
             Slain by a gnoll
             ... wielding a +0 halberd
              (5 damage)
             ... on level 2 of the Dungeon.
             The game lasted 00:01:44 (856 turns).

sanka the Trooper (Demigod Hexslinger)               Turns: 856, Time: 00:01:44

Health: -2/25      AC:  3    Str: 11    XL:     2   Next: 87%
Magic:  5/5        EV: 12    Int: 15    God:
Gold:   46         SH:  0    Dex: 14    Spells: 2/3 levels left

rFire   . . .      SeeInvis .    a - +1 sling
rCold   . . .      Faith    .    (no shield)
rNeg    . . .      Spirit   .    c - +0 robe
rPois   .          Reflect  .    (no helmet)
rElec   .          Harm     .    (no cloak)
rCorr   .          Rampage  .    m - +0 pair of gloves
Will    .....                    (no boots)
Stlth   +.........               (no amulet)
HPRegen 0.24/turn                (no ring)
MPRegen 0.09/turn                (no ring)

@: no status effects
A: high MP 1, forlorn, divine attributes
a: no special abilities


You were on level 2 of the Dungeon.
You visited 1 branch of the dungeon, and saw 2 of its levels.

You collected 46 gold pieces.


Innate Abilities, Weirdness & Mutations

You have an increased reservoir of magic. (+10% MP)
You shall have no god before yourself.
Your divine heritage dramatically boosts your attributes as you level up.


   Skills:
 + Level 2.7 Fighting
 - Level 1.7 Ranged Weapons
 - Level 1.7 Dodging
 - Level 1.0 Spellcasting
 - Level 2.6 Hexes


You had 2 spell levels left.
You knew the following spells:

 Your Spells              Type           Power      Damage    Failure   Level
z - Slow                  Hex            32%        N/A       9%          1

Your spell library contained the following spells:

 Spells                   Type           Power      Damage    Failure   Level
 Inner Flame              Hex/Fire       4%         N/A       38%         3
 Portal Projectile        Hex/Tloc       8%         N/A       38%         3
 Cause Fear               Hex            4%         N/A       63%         4
 Animate Armour           Summ/Erth      0%         N/A       94%         4
 Blade Hands              Tmut           0%         N/A       100%        5
 Iron Shot                Conj/Erth      0%         9d1       100%        6

Inventory:

Hand Weapons
 a - a +1 sling (weapon)
Armour
 c - a +0 robe (worn)
 m - a +0 pair of gloves (worn)
Scrolls
 b - a scroll of poison {!r}
 d - 4 scrolls of identify {unknown}
 g - a scroll of noise {unknown}
 h - a scroll of silence {unknown}
 j - a scroll of summoning {unknown}
 l - a scroll of immolation {unknown}
 o - a scroll of butterflies {unknown}
Potions
 e - a potion of invisibility {unknown}
 f - a potion of magic {unknown}
 i - 2 potions of attraction {unknown}
 k - a potion of haste {unknown}
 n - a potion of degeneration {unknown}

Dungeon Overview and Level Annotations

Branches:
Dungeon (2/15)

▒▒▒ ▒▒▒▒▒.▒ ▒..(..▒
▒.▒▒▒.▒ ▒.▒▒▒.▒
▒..p▒.▒▒▒▒▒
▒▒▒▒▒▒▒▒▒▒▒▒▒).......▒
▒......)....g........▒
▒.▒▒▒▒▒▒▒▒▒▒▒........▒
▒.▒ ▒........▒ ▒g▒
▒........▒ ▒.▒
▒........▒
▒.▒▒▒▒▒▒▒▒▒▒▒▒▒▒▒▒▒▒▒▒
▒g▒([........


You could see a gnoll.


Message History

You shoot a sling bullet. The sling bullet hits the gnoll!
The gnoll is severely wounded.
The gnoll closely misses you. The gnoll closely misses you.
You shoot a sling bullet. The sling bullet hits the gnoll.
The gnoll is severely wounded.
The gnoll closely misses you. The gnoll barely misses you.
The gnoll barely misses you. The gnoll misses you.
There is a stone staircase leading up here.
You shoot a sling bullet. The sling bullet hits the gnoll.
The gnoll is almost dead.
The gnoll barely misses you.
You shoot a sling bullet.
The sling bullet barely misses the gnoll.
The sling bullet hits the gnoll.
The gnoll is almost dead.
The gnoll hits you from afar with a +0 halberd!
* * * LOW HITPOINT WARNING * * *
The gnoll hits you with a +0 flail.
* * * LOW HITPOINT WARNING * * *
You shoot a sling bullet. The sling bullet hits the gnoll.
You kill the gnoll!
The gnoll hits you from afar with a +0 halberd.
You die...

Action                   || total
-------------------------++-------
 Fire: Sling             ||    77
Armor: Robe              ||     4
Dodge: Dodged            ||    28

Levels and vault maps discovered:
D:1:      lemuel_arrival_behind_the_door_small, layout_loops_ring, hex_medium
D:2:      layout_basic, hellmonk_ecumenical_altar_leap_of_faith, uniq_natasha

Notes
Turn   | Place    | Note
-------+----------+-------------------------------------------
     0 | D:1      | sanka the Demigod Hexslinger began the quest for the Orb.
     0 | D:1      | Reached XP level 1. HP: 15/15 MP: 4/4
    15 | D:1      | Reached skill level 1 in Fighting
   254 | D:1      | Reached skill level 2 in Fighting
   254 | D:1      | Reached XP level 2. HP: 24/24 MP: 5/5
   856 | D:2      | Slain by a gnoll

Vanquished Creatures
  2 gnolls (D:2)
  A ball python (D:1)
  A bat (D:1)
  An endoplasm (D:1)
  3 goblins (D:1)
  4 hobgoblins (D:1)
  2 kobolds (D:1)
  3 quokkas (D:1)
  3 rats (D:1)
20 creatures vanquished.
